 Dungeon Crawl Stone Soup version 0.25.0-1-g7eea58d2a3 (webtiles) character file.

Game seed: 8441918476184574752

41316 Acheron the Cleaver (level 14, -16/84 HPs)
             Began as a Gargoyle Gladiator on June 12, 2020.
             Was a High Priest of Okawaru.
             Demolished by a very large slime creature (36 damage)
             ... on level 14 of the Dungeon on June 13, 2020.
             The game lasted 02:53:59 (21580 turns).

Acheron the Cleaver (Gargoyle Gladiator)           Turns: 21580, Time: 02:54:00

Health: -16/84     AC: 40    Str: 25    XL:     14   Next: 14%
Magic:  20/24      EV: 16    Int: 12    God:    Okawaru [*****.]
Gold:   973        SH:  0    Dex: 12    Spells: 14/26 levels left

rFire    . . .     SeeInvis +   w - +1 war axe (protect)
rCold    . . .     Gourm    .   (no shield)
rNeg     + . .     Faith    .   K - +0 scale mail "Peupn" {rPois Stlth+}
rPois    ∞         Spirit   .   z - +2 hat {SInv}
rElec    +         Reflect  .   b - +1 cloak
rCorr    .         Harm     .   E - +2 pair of gloves
MR       +....                  Q - +0 pair of boots
Stlth    +++++.....             (no amulet)
HPRegen  0.24/turn              F - +6 ring of strength
MPRegen  0.19/turn              g - +4 ring of protection

@: heroism, finesse, protection aura
A: big wings, negative energy resistance 1, electricity resistance, unbreathing,
petrification resistance, rot immunity, AC +10
a: Fly, Heroism, Finesse, Renounce Religion


You were on level 14 of the Dungeon.
You worshipped Okawaru.
Okawaru was extremely pleased with you.
You were not hungry.

You visited 7 branches of the dungeon, and saw 27 of its levels.

You collected 973 gold pieces.

Inventory:

Hand Weapons
 q - the +4 morningstar of Trauma {venom, *Rage +Fly Int-3 Dex+6}
   (You found it on level 15 of the Dungeon)

   It poisons the flesh of those it strikes.
   It affects your intelligence (-3).
   It affects your dexterity (+6).
   It lets you fly.
   It may make you go berserk in combat.
 t - a +2 demon trident of electrocution
 v - a +1 trident of holy wrath
 w - a +1 war axe of protection (weapon)
 G - a +0 morningstar of protection
 S - a +4 short sword of freezing
Missiles
 d - 3 throwing nets
 l - 187 stones
 y - 7 boomerangs (quivered)
 B - 7 silver javelins
 O - 9 curare-tipped darts
 T - 17 javelins
Armour
 b - a +1 cloak (worn)
 z - a +2 hat of see invisible (worn)
 E - a +2 pair of gloves (worn)
 I - a +2 hat of intelligence
 K - the +0 scale mail "Peupn" (worn) {rPois Stlth+}
   (You found it on level 13 of the Dungeon)

   It protects you from poison.
   It makes you more stealthy.
 Q - a +0 pair of boots (worn)
 W - a +3 chain mail of cold resistance
Magical Staves
 e - an uncursed staff of energy
Jewellery
 g - a +4 ring of protection (right hand)
 F - a +6 ring of strength (left hand)
Wands
 i - a wand of iceblast (10)
 m - a wand of digging (8)
 D - a wand of paralysis (8)
 J - a wand of clouds (5)
 M - a wand of acid (9)
 X - a wand of enslavement (8)
Scrolls
 a - 2 scrolls of fear
 c - 5 scrolls of remove curse
 j - a scroll of magic mapping
 u - a scroll of immolation
 N - 3 scrolls of amnesia
 P - 2 scrolls of blinking
 U - 7 scrolls of teleportation
Potions
 h - a potion of magic {unknown}
 k - a potion of lignification {unknown}
 n - 5 potions of ambrosia
 o - 4 potions of mutation
 p - 5 potions of heal wounds
 r - 8 potions of curing
 x - a potion of brilliance {unknown}
 A - 2 potions of haste {unknown}
 C - 3 potions of might
 L - 4 potions of flight
 V - a potion of degeneration {unknown}
 Z - a potion of stabbing {unknown}
Miscellaneous
 R - a phial of floods
 Y - a phantom mirror
Comestibles
 f - 15 rations
 s - 4 chunks of flesh


   Skills:
 * Level 8.7(13.7) Fighting
 * Level 11.2(16.2) Axes
 + Level 1.9(13.2) Maces & Flails
 + Level 0.1(12.1) Polearms
 + Level 1.2(6.8) Staves
 * Level 5.4(10.4) Throwing
 * Level 8.5(13.5) Armour
 * Level 6.3(11.3) Dodging
 * Level 8.0(13.0) Stealth
 * Level 6.7 Spellcasting
 * Level 4.4 Conjurations
 * Level 2.9 Charms
 * Level 4.0 Translocations
 * Level 7.0 Earth Magic
 * Level 5.9 Invocations
 * Level 5.1 Evocations


You had 14 spell levels left.
You knew the following spells:

 Your Spells              Type           Power        Failure   Level  Hunger
a - Sandblast             Erth           ###...       1%          1    None
b - Stone Arrow           Conj/Erth      ###...       10%         3    ###....
c - Blink                 Tloc           N/A          10%         2    #......
d - Shroud of Golubria    Chrm/Tloc      ##....       12%         2    #......
e - Passage of Golubria   Tloc           N/A          52%         4    ####...

Your spell library contained the following spells:

 Spells                   Type           Power        Failure   Level  Hunger
 Passwall                 Tmut/Erth      ##......     12%         2    #......
 Gell's Gravitas          Tloc           ##........   19%         3    ###....
 Lesser Beckoning         Tloc           ##........   19%         3    ###....
 Teleport Other           Tloc           ##......     19%         3    ###....
 Animate Skeleton         Necr           N/A          32%         1    None
 Beastly Appendage        Tmut           #.....       32%         1    None
 Freeze                   Ice            #...         32%         1    None
 Pain                     Necr           #...         32%         1    None
 Sticks to Snakes         Tmut           #.......     43%         2    #......
 Lee's Rapid Deconstruct  Erth           ###.......   45%         5    ######.
 Ozocubu's Armour         Chrm/Ice       #.......     47%         3    ###....
 Petrify                  Tmut/Erth      ##......     58%         4    ####...
 Frozen Ramparts          Ice            #.....       67%         3    ###....
 Spider Form              Tmut/Pois      #.........   67%         3    ###....
 Vampiric Draining        Necr           #.........   67%         3    ###....
 Hailstorm                Conj/Ice       #.......     78%         4    ####...
 Animate Dead             Necr           N/A          97%         4    ####...
 Ice Form                 Ice/Tmut       #.......     97%         4    ####...
 Summon Ice Beast         Ice/Summ       #.......     97%         4    ####...
 Agony                    Necr           #.......     100%        5    ######.
 Blade Hands              Tmut           #.........   100%        5    ######.


Dungeon Overview and Level Annotations

Branches:
Dungeon (15/15)            Temple (1/1) D:7            Lair (6/6) D:10
 Shoals (1/4) Lair:4        Snake (1/4) Lair:3        Slime (1/5) Lair:5
    Orc (2/2) D:12
    Elf: Orc:2       Vaults: D:13-14     Depths: D:15

Altars:
Ashenzari
Cheibriados
Dithmenos
Elyvilon
Fedhas
Gozag
Hepliaklqana
Kikubaaqudgha
Makhleb
Nemelex Xobeh
Okawaru
Qazlal
Ru
Sif Muna
Trog
Uskayaw
Vehumet
Wu Jian
Xom
Yredelemnul
Zin
The Shining One

Shops:
D:6 [   D:11 *[

Annotations:
D:6 exclusion: downstairs
D:9 Gastronok, Harold
D:12 Frances
D:13 3 runed translucent doors, Maxmaps's ghost, adept FoSk
Lair:2 3 runed translucent doors, exclusion: downstairs, Reubyar's ghost, journeyman MiBe
Lair:3 exclusion: 4 oklob plants


Innate Abilities, Weirdness & Mutations

You are resistant to torment.
Your stone body is resilient. (AC +10)
You are immune to poison.
Your large and strong wings let you fly indefinitely.
You resist negative energy. (rN+)
You are resistant to electric shocks. (rElec)
You can survive without breathing.
You are immune to petrification.
You are immune to rotting.


Message History

The tengu warrior pecks you but does no damage.
The tengu warrior claws you but does no damage.
Unknown command.
You slash the very large slime creature!
The very large slime creature is severely wounded.
You closely miss the tengu warrior.
The very large slime creature hits you!!
* * * LOW HITPOINT WARNING * * *
You slash the very large slime creature!
The very large slime creature is almost dead.
You miss the tengu warrior.
Unknown command.
You slash the very large slime creature!
The very large slime creature is almost dead.
You hit the tengu warrior but do no damage.
The tengu warrior hits you with a +0 great mace.
* * * LOW HITPOINT WARNING * * *
The tengu warrior misses you. The tengu warrior barely misses you.
The very large slime creature hits you!!!
You die...

####+##.#
......#.#
#.....#.#
#.....#.#
#.......#
#.......# .
#......)###....
#.@Q......
###J......
....... ....##.
....# #####


You could see a very large slime creature and a tengu warrior.

Vanquished Creatures
  Kirke (D:15)
  8 hydras
  2 tengu warriors
  2 centaur warriors (D:15)
  3 two-headed ogres
  Sonja (D:10)
  An unseen horror (D:10)
  A sea snake (Lair:6)
  An orc knight (D:15)
  2 lindwurms (Lair:5)
  2 ugly things (D:11)
  2 cyclopes
  6 elephants
  A merfolk siren (Shoals:1)
  4 black mambas
  A torpor snail (Lair:3)
  6 spiny frogs
  A kobold demonologist (D:14)
  A rime drake (Lair:3)
  3 komodo dragons
  An efreet (D:15)
  3 trolls
  2 slime creatures (D:15)
  6 dream sheep
  7 hippogriffs
  8 blink frogs
  A shadow (D:13)
  A snapping turtle (Lair:4)
  A centaur simulacrum (D:15)
  11 yaks
  2 wyverns
  A basilisk (Lair:1)
  A hungry ghost (D:11)
  2 hogs (D:15)
  7 vampire mosquitoes (D:15)
  6 nagas (Lair:3)
  10 water moccasins
  4 porcupines
  A sky beast (D:9)
  2 phantoms
  A black bear (D:4)
  3 orc warriors (D:15)
  An eye of draining (D:12)
  3 ice beasts
  3 wolves (Lair:2)
  7 ogres
  5 centaurs
  A centaur (shapeshifter) (D:14)
  8 crocodiles
  2 big kobolds
  16 bullfrogs
  A gnoll sergeant (D:10)
  2 wyvern zombies
  3 scorpions
  2 killer bees (D:15)
  4 electric eels
  5 wights
  2 centaur zombies
  6 crimson imps
  A bullfrog zombie (D:13)
  A quasit (D:11)
  3 jellies
  5 centaur skeletons
  2 orc priests
  2 hounds
  5 orc wizards
  2 iguanas
  2 bullfrog skeletons
  Ijyb (D:3)
  8 worker ants
  2 hound zombies
  A mummy (D:8)
  A worker ant zombie (D:11)
  5 gnolls (D:10)
  8 adders
  2 shadow imps
  2 oozes (D:4)
  A worm (D:2)
  5 dart slugs
  4 leopard geckos
  27 orcs
  5 giant cockroaches
  6 goblins
  14 hobgoblins
  8 jackals (D:3)
  27 kobolds
  2 ball pythons
  7 bats
  2 frilled lizards
  A leopard gecko skeleton (D:7)
  A quokka skeleton (D:5)
  5 rats
  2 plants
371 creatures vanquished.

Vanquished Creatures (collateral kills)
  Urug (Lair:4)
1 creature vanquished.

Vanquished Creatures (others)
  13 fungi
  20 plants
  10 toadstools (D:4)
43 creatures vanquished.

Grand Total: 415 creatures vanquished

Notes
Turn   | Place    | Note
-------+----------+-------------------------------------------
     0 | D:1      | Acheron the Gargoyle Gladiator began the quest for the Orb.
     0 | D:1      | Reached XP level 1. HP: 12/12 MP: 1/1
   230 | D:1      | Reached XP level 2. HP: 17/17 MP: 2/2
   841 | D:1      | Reached skill level 1 in Spellcasting
   841 | D:1      | Reached XP level 3. HP: 22/22 MP: 4/4
  1061 | D:2      | Reached skill level 3 in Axes
  1299 | D:2      | Found a bloodstained altar of Trog.
  1366 | D:2      | Reached skill level 1 in Armour
  1366 | D:2      | Reached skill level 1 in Stealth
  1366 | D:2      | Reached XP level 4. HP: 15/27 MP: 4/6
  1699 | D:3      | Found a glowing golden altar of the Shining One.
  2010 | D:3      | Noticed Ijyb
  2028 | D:3      | Killed Ijyb
  2028 | D:3      | Reached XP level 5. HP: 32/32 MP: 7/7
  2910 | D:4      | Found a sparkling altar of Nemelex Xobeh.
  2919 | D:4      | Got a warped dagger
  3048 | D:4      | Identified the cursed +1 dagger of the Dwarven Hall
                  | {freeze, *Corrode rPois SInv Stlth+} (You found it on level
                  | 4 of the Dungeon)
  3606 | D:5      | Entered Level 5 of the Dungeon
  3606 | D:5      | Noticed a black bear
  3625 | D:4      | Killed a black bear
  3625 | D:4      | Reached XP level 6. HP: 5/37 MP: 8/8
  4046 | D:4      | Reached skill level 4 in Axes
  4143 | D:5      | Reached XP level 7. HP: 28/41 MP: 10/10
  4529 | D:5      | Found a hide-covered altar of Uskayaw.
  4529 | D:5      | Found a hazy altar of Hepliaklqana.
  5041 | D:6      | Found Ohuphoo's Antique Armour Emporium.
  5099 | D:5      | Found a radiant altar of Vehumet.
  5099 | D:5      | Found a burning altar of Makhleb.
  5180 | D:5      | Reached XP level 8. HP: 39/48 MP: 11/11
  5531 | D:6      | Reached skill level 5 in Axes
  5531 | D:6      | Reached skill level 1 in Evocations
  5875 | D:7      | Found a staircase to the Ecumenical Temple.
  5884 | Temple   | Entered the Ecumenical Temple
  6120 | Temple   | Became a worshipper of Warmaster Okawaru
  6231 | D:7      | Noticed a hippogriff
  6339 | D:10     | Entered Level 10 of the Dungeon
  6447 | D:10     | Noticed a troll
  6487 | D:9      | Noticed Gastronok
  6695 | D:8      | Got an encrusted quarterstaff
  6696 | D:8      | Identified the cursed +1 quarterstaff "Xaobrossev" {freeze,
                  | +Rage rC- Int+5 Dex+2} (You found it on level 8 of the
                  | Dungeon)
  6858 | D:8      | Reached skill level 6 in Axes
  6858 | D:8      | Reached XP level 9. HP: 46/52 MP: 13/13
  6899 | D:8      | Found a snail-covered altar of Cheibriados.
  6989 | D:8      | Noticed a two-headed ogre
  7113 | D:9      | Reached * piety under Okawaru
  7301 | D:9      | Noticed Harold
  7308 | D:9      | Learned a level 1 spell: Sandblast
  7609 | D:11     | Reached skill level 5 in Fighting
  7644 | D:11     | Found Qivaah's Changing Room.
  7695 | D:11     | Reached ** piety under Okawaru
  7695 | D:11     | Reached skill level 7 in Axes
  7695 | D:11     | Reached skill level 5 in Armour
  7695 | D:11     | Reached skill level 1 in Earth Magic
  7733 | D:11     | Reached skill level 1 in Invocations
  8034 | D:12     | Noticed a cyclops
  8062 | D:13     | Reached XP level 10. HP: 41/59 MP: 15/15
  8161 | D:13     | Got a bloodstained scale mail
  8162 | D:13     | Identified the +0 scale mail "Peupn" {rPois Stlth+} (You
                  | found it on level 13 of the Dungeon)
  8193 | D:13     | Noticed a two-headed ogre
  8198 | D:13     | Noticed a tengu warrior
  8204 | D:13     | Noticed a cyclops
  8246 | D:13     | Killed a cyclops
  8432 | D:13     | Found a runed translucent gate.
  8448 | D:13     | Found a runed translucent gate.
  8449 | D:13     | Found a runed translucent gate.
  8450 | D:13     | Noticed a minotaur
  8450 | D:13     | Noticed a brown ugly thing
  8451 | D:13     | Noticed an orc knight
  8452 | D:13     | Noticed a six-headed hydra
  8452 | D:13     | Noticed Maxmaps's ghost (adept FoSk)
  8601 | D:14     | Noticed a cyclops
  8601 | D:14     | Noticed a kobold demonologist
  8749 | D:12     | Reached *** piety under Okawaru
  8898 | D:12     | Found a staircase to the Orcish Mines.
  8907 | Orc:1    | Entered Level 1 of the Orcish Mines
  8907 | Orc:1    | Noticed an ettin
  8910 | Orc:2    | Entered Level 2 of the Orcish Mines
  9550 | D:12     | Upgraded the game from 0.25.0 to 0.25.0-1-g7eea58d2a3
  9666 | D:12     | Noticed Frances
  9836 | D:11     | Reached skill level 8 in Axes
  9836 | D:11     | Reached skill level 5 in Stealth
  9983 | D:11     | Noticed an eight-headed hydra
 10253 | D:11     | Noticed a green ugly thing
 10277 | D:11     | Killed a green ugly thing
 10502 | D:11     | Noticed a green ugly thing
 10517 | D:11     | Killed a green ugly thing
 10517 | D:11     | Reached skill level 1 in Staves
 10659 | D:11     | Found Egianoej's Armour Shop.
 10948 | D:11     | Noticed a red ugly thing
 11189 | D:12     | Reached **** piety under Okawaru
 11478 | D:10     | Found a staircase to the Lair.
 11522 | Lair:1   | Entered Level 1 of the Lair of Beasts
 11525 | Lair:1   | Noticed a spiny frog
 11578 | Lair:1   | Got an encrusted falchion
 11606 | Lair:1   | Reached XP level 11. HP: 48/64 MP: 17/17
 11859 | Lair:2   | Noticed a six-headed hydra
 11889 | Lair:2   | Noticed a minotaur
 11890 | Lair:2   | Noticed Reubyar's ghost (journeyman MiBe)
 11940 | Lair:2   | Found a runed translucent gate.
 11941 | Lair:2   | Found a runed translucent gate.
 11942 | Lair:2   | Found a runed translucent gate.
 12097 | Lair:2   | Reached skill level 5 in Dodging
 12155 | Lair:2   | Received a gift from Okawaru
 12457 | Lair:2   | Reached skill level 9 in Axes
 12542 | Lair:2   | Learned a level 3 spell: Stone Arrow
 12585 | Lair:2   | Reached ***** piety under Okawaru
 13000 | Lair:2   | Identified the +2 falchion of Ravage {freeze, rPois} (You
                  | found it on level 1 of the Lair of Beasts)
 13073 | Lair:3   | Learned a level 2 spell: Blink
 13174 | Lair:3   | Reached skill level 5 in Spellcasting
 13243 | Lair:3   | Found a staircase to the Snake Pit.
 13282 | Snake:1  | Entered Level 1 of the Snake Pit
 13282 | Snake:1  | Noticed a salamander
 13282 | Snake:1  | Noticed a naga ritualist
 13282 | Snake:1  | Noticed an anaconda
 13301 | Lair:3   | Noticed an eight-headed hydra
 13317 | Lair:3   | Noticed a seven-headed hydra
 13325 | Lair:4   | Killed an eight-headed hydra
 13325 | Lair:4   | Reached skill level 1 in Translocations
 13335 | Lair:4   | Reached skill level 1 in Conjurations
 13733 | Lair:5   | Reached XP level 12. HP: 61/72 MP: 17/19
 13750 | Lair:6   | Entered Level 6 of the Lair of Beasts
 14246 | Lair:6   | Received a gift from Okawaru
 14537 | Lair:5   | Found a staircase to the Slime Pits.
 14558 | Slime:1  | Entered Level 1 of the Pits of Slime
 14558 | Slime:1  | Noticed an azure jelly
 14580 | Lair:5   | Learned a level 2 spell: Shroud of Golubria
 14623 | Lair:4   | Noticed a six-headed hydra
 14651 | Lair:4   | Reached skill level 5 in Earth Magic
 14932 | Lair:4   | Noticed Urug
 14963 | Lair:4   | Killed Urug
 15166 | Lair:4   | Killed a six-headed hydra
 15249 | Lair:4   | Noticed a four-headed hydra
 15315 | Lair:4   | Killed a four-headed hydra
 15315 | Lair:4   | Reached skill level 1 in Maces & Flails
 15315 | Lair:4   | Reached skill level 1 in Charms
 15745 | Lair:3   | Reached skill level 10 in Axes
 15822 | Lair:3   | Noticed a four-headed hydra
 15844 | Lair:3   | Killed a four-headed hydra
 15995 | Lair:3   | Killed a seven-headed hydra
 16857 | Lair:2   | Killed a six-headed hydra
 16955 | Lair:3   | Reached XP level 13. HP: 51/78 MP: 20/22
 17362 | Lair:4   | Reached skill level 5 in Invocations
 17390 | Lair:4   | Found a staircase to the Shoals.
 17638 | Shoals:1 | Entered Level 1 of the Shoals
 19259 | D:10     | Noticed Sonja
 19345 | D:10     | Received a gift from Okawaru
 19478 | D:10     | Killed Sonja
 19478 | D:10     | Reached skill level 5 in Throwing
 20172 | D:15     | Entered Level 15 of the Dungeon
 20215 | D:15     | Got a dazzling morningstar
 20219 | D:15     | Identified the +4 morningstar of Trauma {venom, *Rage +Fly
                  | Int-3 Dex+6} (You found it on level 15 of the Dungeon)
 20272 | D:15     | Learned a level 4 spell: Passage of Golubria
 20458 | D:14     | Received a gift from Okawaru
 21009 | D:15     | Reached skill level 5 in Evocations
 21079 | D:15     | Reached skill level 11 in Axes
 21164 | D:14     | Noticed Kirke
 21404 | D:15     | Received a gift from Okawaru
 21404 | D:15     | Gained mutation: Your large and strong wings let you fly
                  | indefinitely. [Gargoyle growth]
 21404 | D:15     | Reached XP level 14. HP: 75/84 MP: 23/23
 21545 | D:15     | Killed Kirke
 21580 | D:14     | Demolished by a very large slime creature

Illustrated notes

Levels and vault maps discovered:
D:1:      minmay_arrival_widening_spiral_wide, layout_basic, serial_bayou_pond_b
D:2:      layout_rooms, nicolae_overflow_crystal_walls
D:3:      layout_basic, nicolae_tso_carved_into_rock, minmay_goblin_outpost,
          uniq_ijyb
D:4:      cheibrodos_fertilizer, layout_loops_cross, lemuel_round_altar
D:5:      layout_rooms, grunt_temple_overflow_lords_of_destruction,
          grunt_temple_overflow_open, first_ration
D:6:      layout_basic, serial_shops, nicolae_shop_competitors_out_of_business
D:7:      kennysheep_slugbush, layout_rooms, minmay_temple_entry_mini_moons,
          grunt_ogre_cave
D:8:      layout_gridville, slow_altar_2, nicolae_ru_sacrificial_ziggurat
D:9:      layout_irregular_city, uniq_gastronok, uniq_harold
D:10:     layout_long_grid, david_lair_shrubbed, uniq_sonja
D:11:     layout_stronghold, serial_shops, shop, chequers_serial_rivers_marsh,
          nicolae_transmutations_shop
D:12:     layout_irregular_city, orc_0_dummy, uniq_frances
D:13:     minmay_goldmine, layout_basic, maelrawn_ghost_gauntlet_escape
D:14:     layout_basic, erik_vaults_2, minivault_11, uniq_kirke, uniq_agnes
D:15:     gammafunk_enter_depths_forms, layout_irregular_city, minivault_7,
          uniq_rupert
Temple:   eino_temple_water
Lair:1:   layout_regular_city, grunt_megastairs_5
Lair:2:   layout_misc_corridors, maelrawn_ghost_gauntlet_escape, serial_rivers,
          chequers_serial_rivers_room_a, chequers_serial_rivers_micro_c,
          chequers_serial_rivers_marsh, chequers_serial_rivers_room_b,
          chequers_serial_rivers_marsh, chequers_serial_rivers_micro_d
Lair:3:   layout_gridlike, minmay_snake_entry_guardpost_medium,
          minmay_lair_oklob_chamber
Lair:4:   layout_hall_layers, minmay_shoals_entry_hut, gauntlet_entry_generic,
          cheibrodos_lair_reptile_den, serial_bayou_shore_a, uniq_urug
Lair:5:   layout_gridlike, slime_dummy
Lair:6:   gammafunk_lair_ancient_temple, layout_regular_city, st_stairs_6
Shoals:1: layout_shoals
Snake:1:  layout_cave_shapes, serial_shops, shop, minmay_shoptagon
Slime:1:  layout_caves
Orc:1:    layout_caves, ebering_ghost_rock_garden
Orc:2:    pubby_orc_utopia

Skill      XL: |  1  2  3  4  5  6  7  8  9 10 11 12 13 14 |
---------------+-------------------------------------------+-----
Spellcasting   | 1 2 3 4 5 6 |  6.7
Axes           | 3 4 6 7 8 9 10 11 | 11.2
Armour         | 1 2 3 4 5 6 7 8 |  8.5
Stealth        | 1 2 3 4 5 6 7 8 |  8.0
Fighting       | 3 4 5 6 7 8 |  8.7
Throwing       | 2 3 4 5 |  5.4
Dodging        | 3 4 5 6 |  6.3
Evocations     | 1 2 3 4 5 |  5.1
Earth Magic    | 1 3 4 6 7 |  7.0
Invocations    | 1 3 4 5 |  5.9
Staves         | 1 |  1.2
Translocations | 1 2 3 4 |  4.0
Conjurations   | 1 2 4 |  4.4
Maces & Flails | 1 |  1.9
Charms         | 1 2 |  2.9
Polearms       | |  0.1

Action                   |  1- 3 |  4- 6 |  7- 9 | 10-12 | 13-15 || total
-------------------------+-------+-------+-------+-------+-------++-------
Melee: War axe           |   116 |   188 |   389 |   548 |   448 ||  1689
       Quarterstaff      |       |       |       |    29 |       ||    29
       Punch             |       |       |       |    11 |    13 ||    24
       Morningstar       |       |       |       |    58 |    27 ||    85
       Demon trident     |       |       |       |     9 |       ||     9
       Staff             |       |       |       |       |    22 ||    22
Throw: Dart              |       |     5 |    10 |       |       ||    15
       Throwing net      |       |     1 |       |       |       ||     1
       Boomerang         |       |       |       |    42 |    70 ||   112
 Cast: Shroud of Golubri |       |       |       |     2 |       ||     2
       Blink             |       |       |       |     1 |     1 ||     2
Invok: Heroism           |       |       |     1 |    33 |    28 ||    62
       Finesse           |       |       |       |     2 |     1 ||     3
Evoke: Wand              |       |       |     2 |     1 |     5 ||     8
  Use: Scroll            |     1 |     8 |     9 |    10 |     4 ||    32
       Potion            |       |       |       |     3 |     2 ||     5
 Stab: Sleeping          |       |       |     3 |     7 |     9 ||    19
       Distracted        |       |       |       |     1 |     2 ||     3
  Eat: Chunk             |     2 |     4 |     2 |     7 |     4 ||    19
       Ration            |       |     2 |     3 |     8 |     3 ||    16
Armor: Leather armour    |     5 |       |       |       |       ||     5
       Ring mail         |    68 |   127 |   214 |       |       ||   409
       Scale mail        |       |       |       |   554 |   355 ||   909
Dodge: Dodged            |    92 |   151 |   273 |   477 |   353 ||  1346
